 Dungeon Crawl Stone Soup version 0.31-a0-152-g6aa68a64a1 (webtiles) character file.

Game seed: 15587835163236231010

212 jasper the Caller (level 5, -2/35 HPs)
             Began as a Vampire Summoner on June 9, 2023.
             Was an Initiate of Sif Muna.
             Slain by an orc priest
             ... wielding a +0 mace
              (5 damage)
             ... on level 4 of the Dungeon.
             The game lasted 00:05:20 (3234 turns).

jasper the Caller (Vampire Summoner)                Turns: 3234, Time: 00:05:21

Health: -2/35      AC:  3    Str:  7    XL:     5   Next: 58%
Magic:  1/8        EV: 11    Int: 19    God:    Sif Muna [......]
Gold:   102        SH:  5    Dex: 15    Spells: 2/8 levels left

rFire   . . .        c - +0 war axe
rCold   . . .        g - +0 buckler
rNeg    . . .        a - +0 robe
rPois   .            (no helmet)
rElec   .            (no cloak)
rCorr   .            h - +0 pair of gloves
SInv    +            (no boots)
Will    .....        (no amulet)
Stlth   ++           (no ring)
HPRegen 0.45/turn    (no ring)
MPRegen 0.11/turn

%: no passive effects
@: healing quickly
A: alive, fangs 3, see invisible, vampiric 2
a: Exsanguinate, Renounce Religion


You were on level 4 of the Dungeon.
You worshipped Sif Muna.
Sif Muna was noncommittal.
You visited 2 branches of the dungeon, and saw 5 of its levels.

You collected 102 gold pieces.

Inventory:

Hand Weapons
 c - a +0 war axe (weapon)
Armour
 a - a +0 robe (worn)
 g - a +0 buckler (worn)
 h - a +0 pair of gloves (worn)
Wands
 n - a wand of digging (3)
Scrolls
 d - 3 scrolls of identify
 f - a scroll of enchant weapon
Potions
 b - a potion of magic
 e - a potion of enlightenment
 j - a potion of degeneration
 k - a potion of brilliance


   Skills:
 - Level 2.1 Dodging
 - Level 3.0 Stealth
 + Level 4.1 Shields
 - Level 2.0 Spellcasting
 - Level 5.0 Summonings


You had 2 spell levels left.
You knew the following spells:

 Your Spells              Type           Power      Damage    Failure   Level
a - Summon Small Mammal   Summ           80%        N/A       3%          1
b - Call Imp              Summ           40%        N/A       4%          2
c - Call Canine Familiar  Summ           20%        N/A       10%         3

Your spell library contained the following spells:

 Spells                   Type           Power      Damage    Failure   Level
 Magic Dart               Conj           4%         1d3       26%         1
 Cigotuvi's Dreadful Rot  Necr/Pois/Air  2%         N/A       36%         2
 Summon Guardian Golem    Hex/Summ       11%        N/A       28%         3
 Ignite Poison            Fire/Tmut/Pois 1%         N/A       61%         3
 Mephitic Cloud           Conj/Pois/Air  1%         N/A       61%         3
 Summon Lightning Spire   Summ/Air       11%        N/A       67%         4
 Freezing Cloud           Conj/Ice/Air   0%         6-21      100%        5


Dungeon Overview and Level Annotations

Branches:
Dungeon (4/15)             Temple (1/1) D:4

Altars:
Ashenzari
Cheibriados
Dithmenos
Fedhas
Gozag
Hepliaklqana
Makhleb
Nemelex Xobeh
Okawaru
Qazlal
Ru
Sif Muna
Trog
Uskayaw
Vehumet
Wu Jian
Yredelemnul

Annotations:
D:3 2 transporters, NateTC's ghost, amateur TrFi


Innate Abilities, Weirdness & Mutations

Your natural rate of healing is accelerated.
You have razor-sharp teeth.
You have supernaturally acute eyesight. (SInv)
You are afflicted with vampirism and can become a bat while bloodless.


Message History

The endoplasm barely misses your hound. The orc barely misses your hound.
The orc priest invokes the aid of Beogh against you.
Beogh smites you!
The orc wizard points at your cerulean imp and mumbles some strange words.
The puff of flame hits your hound!
Your hound bites the orc wizard.
You take 9 damage, and have 11/35 hp.
MASSIVE DAMAGE!!
Your cerulean imp closely misses the orc wizard.
The endoplasm hits your hound. The orc closely misses your hound.
The orc priest begins to cast a cantrip, but forgets the words!
The orc wizard closely misses your hound.
Your hound barely misses the orc wizard.
Your hound barely misses the orc wizard.
Your cerulean imp hits the orc wizard but does no damage.
The endoplasm barely misses your hound. The orc priest hits you with a +0 mace.
* * * LOW HITPOINT WARNING * * *
The orc wizard hits your hound with a +0 dagger.
Your hound dies!
Your hound's corpse disappears in a puff of smoke!
You take 6 damage, and have 6/35 hp.
Okay, then.
Casting: Call Imp (safe; 4% risk of failure)
Confirm with . or Enter, or press ? or * to list all spells.
The spell is quite dangerous to miscast (10% risk of failure)!
Continue anyway?
Your cerulean imp barely misses the orc wizard.
The orc priest barely misses you. The orc hits you with a +0 falchion.
* * * LOW HITPOINT WARNING * * *
You take 4 damage, and have 2/35 hp.
You now have 1/8 mp.
You closely miss the orc wizard. Your bite misses the orc wizard.
The orc wizard is almost dead.
You closely miss the orc. You hit the orc priest.
Your cerulean imp hits the orc wizard with a -2 spear.
The orc wizard dies!
Sif Muna accepts your kill. The orc barely misses you.
The orc priest closely misses you.
Your hound bites the endoplasm.
Your cerulean imp hits the endoplasm with a -2 spear.
The orc barely misses you. The endoplasm closely misses you.
Your hound bites the endoplasm but does no damage.
The orc priest hits you with a +0 mace.
You die...

#.....# .#.
#.....#..# ..J...
###.####.....##....
#...# ...........
#.⌠.# #..#.....##
#...####.#........
##.##.............
#^..#..ooJh......
#.......@5.......
#......))..$.....
#.......)........
#................
#.........#......
#(........#####..
#........$# .
#.........#
#..#########


You could see an orc priest, an orc, an endoplasm (ally target), a friendly
hound (summoned) and a friendly cerulean imp (summoned).

Vanquished Creatures
  2 adders (D:3)
  2 gnolls (D:4)
  3 dart slugs
  An orc (D:3)
  4 endoplasms
  2 giant cockroaches
  A goblin (D:2)
  2 hobgoblins
  3 quokkas
  3 ball pythons
  7 bats
  2 kobolds
32 creatures vanquished.

Vanquished Creatures (collateral kills)
  A scorpion (D:3)
  An orc wizard (D:4)
  2 gnolls (D:4)
  An adder (D:2)
  A worm (D:2)
  3 dart slugs
  An orc (D:4)
  6 ball pythons
  6 endoplasms
  A giant cockroach (D:3)
  5 goblins
  3 hobgoblins
  2 quokkas
  5 bats
  A frilled lizard (D:1)
  A kobold (D:1)
  2 rats
42 creatures vanquished.

Grand Total: 74 creatures vanquished

Notes
Turn   | Place    | Note
-------+----------+-------------------------------------------
     0 | D:1      | jasper the Vampire Summoner began the quest for the Orb.
     0 | D:1      | Reached XP level 1. HP: 13/13 MP: 3/3
   173 | D:1      | Reached XP level 2. HP: 19/19 MP: 1/5
   176 | D:1      | Learned a level 2 spell: Call Imp
   753 | D:1      | Reached skill level 5 in Summonings
   817 | D:1      | Gained mutation: You are afflicted with vampirism and can
                  | become a bat while bloodless. [Vampire growth]
   817 | D:1      | Reached XP level 3. HP: 24/24 MP: 6/6
   821 | D:1      | Learned a level 3 spell: Call Canine Familiar
  1230 | D:2      | Reached skill level 1 in Shields
  1686 | D:2      | Reached XP level 4. HP: 17/30 MP: 5/7
  1966 | D:3      | Found a burning altar of Makhleb.
  2092 | D:3      | Noticed a scorpion
  2105 | D:3      | Killed a scorpion
  2106 | D:3      | Reached XP level 5. HP: 35/35 MP: 4/8
  2478 | D:3      | Found a transporter.
  2478 | D:3      | Noticed NateTC's ghost (amateur TrFi)
  2733 | D:3      | Found a transporter.
  3083 | D:4      | Found a staircase to the Ecumenical Temple.
  3104 | Temple   | Entered the Ecumenical Temple
  3112 | Temple   | Became a worshipper of Sif Muna the Loreminder
  3234 | D:4      | Slain by an orc priest

Illustrated notes

Levels and vault maps discovered:
D:1:      minmay_arrival_checkered_box, layout_basic, st_stairs_9,
          nicolae_concentric_dashed_squares_mild, minivault_26
D:2:      layout_basic
D:3:      kb_forest_paths, layout_basic, bloody_makhleb, gammafunk_ghost_arena,
          kennysheep_generic_room_2
D:4:      layout_rooms, minmay_temple_entry_antechambers
Temple:   sentei_temple_godly_chess

Skill      XL: |  1  2  3  4  5 |
---------------+----------------+-----
Summonings     | 5 |  5.0
Shields        | 2 3 4 |  4.1
Dodging        | |  2.1
Stealth        | |  3.0
Spellcasting   | |  2.0

Action                     |  1- 3 |  4- 6 || total
---------------------------+-------+-------++-------
  Melee: Unarmed           |     9 |       ||     9
         War axe           |    62 |    50 ||   112
         Bite              |     4 |     2 ||     6
   Cast: Summon Small Mamm |    12 |       ||    12
         Call Imp          |    17 |    11 ||    28
         Call Canine Famil |       |     4 ||     4
    Use: Scroll            |     2 |     7 ||     9
   Stab: Sleeping          |     4 |     3 ||     7
 Armour: Robe              |    35 |    12 ||    47
  Dodge: Dodged            |    82 |    45 ||   127
  Block: Buckler           |    14 |    12 ||    26

Table legend: (Time is in decaauts)
 A = Elapsed time spent in this place.
 B = Non-inter-level travel time spent in this place.
 C = Inter-level travel time spent in this place.
 D = Time resting spent in this place.
 E = Time spent auto-exploring this place.
 F = Levels seen in this place.
 G = Mean time per level.
                   A        B        C        D        E       F      G
               +--------+--------+--------+--------+--------+-----+--------+
         Total |   3295 |   3204 |     91 |    132 |   2316 |   5 |  659.0 |
       Dungeon |   3278 |   3194 |     84 |    132 |   2314 |   4 |  819.5 |
        Temple |     16 |      9 |      7 |      0 |      2 |   1 |   16.0 |
               +--------+--------+--------+--------+--------+-----+--------+

Top non-repeatable levels by time:
     D:3: 1128 daAuts
     D:1: 1102 daAuts
     D:2: 881 daAuts
     D:4: 166 daAuts
  Temple: 16 daAuts
